 Dungeon Crawl Stone Soup version 0.20-a0-453-g91466d2 (webtiles) character file.

84 Kriby the Magician (level 4, -4/30 HPs)
             Began as a Mummy Fire Elementalist on Jan 8, 2017.
             Slain by Crazy Yiuf
             ... wielding a +3 quarterstaff of chaos
              (13 damage)
             ... on level 2 of the Dungeon.
             The game lasted 00:02:12 (2650 turns).

Kriby the Magician (Mummy Fire Elementalist)        Turns: 2650, Time: 00:02:13

Health: -4/30      AC:  3    Str: 11    XL:     4   Next: 24%
Magic:  5/9        EV: 12    Int: 15    God:
Gold:   107        SH:  0    Dex: 12    Spells: 8/9 levels left

rFire  x . .     SeeInvis .     i - +0 short sword
rCold  + . .     Gourm    .     a - +0 robe
rNeg   + + +     Faith    .     (no shield)
rPois  ∞         Spirit   .     h - +0 helmet
rElec  .         Reflect  .     (no cloak)
rCorr  .         Harm     .     (no gloves)
MR     .....                    (no boots)
Stlth  +++.......               (no amulet)
                                (no ring)
                                e - ring of stealth

@: very slightly contaminated
A: no food or potions, fire vulnerability, cold resistance 1, negative energy
resistance 3, torment resistance, unbreathing
a: no special abilities


You were on level 2 of the Dungeon.
You were not hungry.

You visited 1 branch of the dungeon, and saw 2 of its levels.

You collected 107 gold pieces.

Inventory:

Hand Weapons
 i - a +0 short sword (weapon)
Armour
 a - a +0 robe (worn)
 h - a +0 helmet (worn)
Jewellery
 e - a ring of stealth (left hand)
Scrolls
 c - a scroll of remove curse {unknown}
 d - 2 scrolls of identify {unknown}
 f - a scroll of teleportation {unknown}
Books
 b - a book of Flames

   Spells                             Type                      Level
   a - Flame Tongue                   Conjuration/Fire             1
   b - Throw Flame                    Conjuration/Fire             2
   c - Conjure Flame                  Conjuration/Fire             3
   d - Inner Flame                    Hexes/Fire                   3
   e - Sticky Flame                   Conjuration/Fire             4
   f - Fireball                       Conjuration/Fire             5


   Skills:
 - Level 1.5 Dodging
 - Level 1.5 Stealth
 + Level 3.4 Spellcasting
 * Level 2.5 Conjurations
 + Level 3.0 Fire Magic


You had 8 spell levels left.
You knew the following spells:

 Your Spells              Type           Power        Failure   Level  Hunger
a - Flame Tongue          Conj/Fire      ##...        8%          1    N/A

Dungeon Overview and Level Annotations

Branches:
Dungeon (2/15)

Altars:

Annotations:
D:2 Crazy Yiuf


Innate Abilities, Weirdness & Mutations

You do not eat or drink.
Your flesh is vulnerable to fire.
You are immune to poison.
Your flesh is cold resistant. (rC+)
You are immune to negative energy. (rN+++)
You are immune to unholy pain and torment.
You can survive without breathing.


Message History

Confirm with . or Enter, or press ? or * to list all spells.
Aiming: Flame Tongue
Press: ? - help, Shift-Dir - straight line, f - Crazy Yiuf
Aim: Crazy Yiuf, wielding a quarterstaff of chaos and wearing a cloak The flame tongue hits Crazy Yiuf.
Crazy Yiuf is moderately wounded.
Crazy Yiuf hits you with a quarterstaff of chaos!
You feel your power leaking away.
Casting: Flame Tongue
Confirm with . or Enter, or press ? or * to list all spells.
Aiming: Flame Tongue
Press: ? - help, Shift-Dir - straight line, f/p - Crazy Yiuf
Aim: Crazy Yiuf, wielding a quarterstaff of chaos and wearing a cloak (moderately wounded)
You miscast Flame Tongue.
You are very lightly contaminated with residual magic.
Heat runs through your body.
Crazy Yiuf hits you with a quarterstaff of chaos!
* * * LOW HITPOINT WARNING * * *
You convulse!
You die...

.#......#.#(##.#
#.).....#
.######.#.######
###.....###### ..#
###.#.##
##...#......
..###......# #####
#'...'......
...##.#.#.## #)..#
##...#......
...##.#.#.# #...#
#...#..!...
...##.#...# ...
#####......
...##.#.### #g#
#...... .#.##.#.#<##
♣@♣♣ #......
.#..#.#.#..# ♣♣.♣
#...... .#..#.#....#
♣.♣♣ #######
.#....#.#..# ♣♣.♣
.#.#..#.#.## ♣♣.♣♣
.#.#...!#.# ♣♣...♣
.#.#.>..#.# ♣..).♣
.#.#....#.# #....#
.#.#.#..#.#####....#


You could see Crazy Yiuf.

Vanquished Creatures
  A gnoll (D:1)
  3 adders (D:2)
  3 oozes
  2 giant cockroaches
  4 goblins
  4 hobgoblins
  9 kobolds
  A quokka (D:2)
  2 bats (D:1)
  2 frilled lizards
  3 rats
34 creatures vanquished.

Notes
Turn   | Place    | Note
-------+----------+-------------------------------------------
     0 | D:1      | Kriby the Mummy Fire Elementalist began the quest for the Orb.
     0 | D:1      | Reached XP level 1. HP: 13/13 MP: 4/4
    54 | D:1      | Reached skill level 1 in Conjurations
   388 | D:1      | Reached XP level 2. HP: 12/19 MP: 0/5
  1076 | D:1      | Reached XP level 3. HP: 17/24 MP: 1/7
  2373 | D:2      | Found a runed door.
  2410 | D:2      | Reached XP level 4. HP: 27/30 MP: 5/9
  2643 | D:2      | Noticed Crazy Yiuf
  2650 | D:2      | Slain by Crazy Yiuf

Vault maps used:
D:1:      saegor_arrival_miasma
D:2:      first_bread, uniq_crazy_yiuf_cottage

Skill      XL: |  1  2  3  4 |
---------------+-------------+-----
Conjurations   | 1 2 |  2.5
Spellcasting   | 3 |  3.4
Fire Magic     | 3 |  3.0
Dodging        | |  1.5
Stealth        | |  1.5

Action                   |  1- 3 |  4- 6 || total
-------------------------+-------+-------++-------
Melee: Unarmed           |    13 |       ||    13
       Club              |    12 |       ||    12
       Dagger            |     3 |       ||     3
       Short sword       |     4 |       ||     4
 Cast: Flame Tongue      |    64 |     8 ||    72
Armor: Robe              |    16 |     1 ||    17
Dodge: Dodged            |    45 |       ||    45
